 Dungeon Crawl Stone Soup version 0.29.1-12-g30fa7ad0bf (webtiles) character file.

Game seed: 12994441741034861386

93 Sanktem7 the Trooper (level 4, -2/41 HPs)
             Began as a Minotaur Fighter on Jan 7, 2023.
             Slain by an ogre
             ... wielding a +0 giant club
              (7 damage)
             ... on level 3 of the Dungeon.
             The game lasted 00:02:43 (2037 turns).

Sanktem7 the Trooper (Minotaur Fighter)             Turns: 2037, Time: 00:02:43

Health: -2/41      AC:  8    Str: 23    XL:     4   Next: 37%
Magic:  21/21      EV:  9    Int:  5    God:
Gold:   121        SH:  4    Dex:  9    Spells: 3/3 levels left

rFire   . . .      SeeInvis .   a - +0 war axe {axe}
rCold   . . .      Faith    .   c - +0 buckler
rNeg    . . .      Spirit   .   b - +0 scale mail
rPois   .          Reflect  .   (helmet restricted)
rElec   .          Harm     .   (no cloak)
rCorr   .          Rampage  .   (no gloves)
Will    .....                   g - +0 pair of boots
Stlth   ..........              (no amulet)
HPRegen 0.13/turn               h - ring of magical power
MPRegen 0.17/turn               q - ring of magical power

@: no status effects
A: horns 2, retaliatory headbutt
a: no special abilities


You were on level 3 of the Dungeon.
You visited 1 branch of the dungeon, and saw 3 of its levels.

You collected 121 gold pieces.


Innate Abilities, Weirdness & Mutations

You have a pair of horns on your head.
You reflexively headbutt those who attack you in melee.


   Skills:
 * Level 4.9 Fighting
 * Level 4.0 Axes
 + Level 4.3 Armour
 - Level 3.6 Shields


You had 3 spell levels left.
You didn't know any spells.
Your spell library contained the following spells:

 Spells                   Type           Power      Damage    Failure   Level
 Gell's Gravitas          Tloc           0%         N/A       99%         3
 Lesser Beckoning         Tloc           0%         N/A       99%         3
 Teleport Other           Tloc           0%         N/A       99%         3

Inventory:

Hand Weapons
 a - a +0 war axe (weapon) {axe}
 j - a +3 whip {mace}
   (You took it off a kobold on level 1 of the Dungeon)
Missiles
 i - 9 stones (quivered) {throwing}
 m - 3 poisoned darts {throwing}
Armour
 b - a +0 scale mail (worn)
 c - a +0 buckler (worn)
 g - a +0 pair of boots (worn)
   (You found it on level 1 of the Dungeon)
 r - an orb of light
   (You found it on level 2 of the Dungeon)
Jewellery
 h - a ring of magical power (left hand)
   (You found it on level 1 of the Dungeon)
 q - a ring of magical power (right hand)
   (You found it on level 2 of the Dungeon)
Wands
 o - a wand of roots (2)
   (You took it off Terence on level 2 of the Dungeon)
Scrolls
 k - 2 scrolls of butterflies {unknown}
 l - a scroll of enchant weapon {unknown}
 p - a scroll of teleportation {unknown}
 s - a scroll of identify {unknown}
Potions
 d - a potion of might
 e - 2 potions of haste {unknown}
 f - 2 potions of brilliance {unknown}
 n - a potion of heal wounds {unknown}

Dungeon Overview and Level Annotations

Branches:
Dungeon (3/15) Zot: 15929

Altars:
Ru

............##
...
........>.#..#.
...
.......wS......
..#
.?...##'###..#.
#.# ... #.####
#.# .
#..S.#######.#
####.##...##.# .
#.O#.#.##.###....
##@#.†††.†.......
#..###.##.###....
#....#..#.# ..
#..#......#
..#####.######
..........#
..######.##
..##..####
#.###....##


You could see an ogre and a ball python.


Message History

Okay, then.
s - a scroll labelled FEPPORU XASS 😎 MP[+9]
Your mp is fully restored (21).
You now have 114 gold pieces (gained 17).
A ball python comes into view.
The ball python hisses angrily.
A ball python is nearby!
A ball python is nearby! 2 jackals come into view.
The jackal barks! x2
A jackal comes into view.
The ball python bites you but does no damage.
The ball python barely misses you.
You slash the ball python!
You kill the ball python!
You miss the jackal. You block the jackal's attack.
The jackal closely misses you.
You barely miss the jackal.
The jackal bites you but does no damage.
A worm comes into view.
You miss the jackal. Your headbutt misses the jackal. You slash the jackal!
You kill the jackal!
The jackal completely misses you. You furiously retaliate!
You headbutt the jackal.
You kill the jackal!
You barely miss the jackal. You headbutt the jackal. The jackal bites you.
The jackal bites you but does no damage. 😕 HP[-3]
You take 3 damage, and now have 38/41 hp.
You slash the jackal!
You kill the jackal! 😕 HP[+1]
You see here a jackal corpse.
You hit the worm. The worm bites you. 😕 HP[-1]
You take 1 damage, and now have 38/41 hp.
You slash the worm! The worm bites you but does no damage.
You slash the worm!
You kill the worm!
Your Axes skill increases to level 4!
No target in view!
No target in view!
No target in view!
No target in view!
No target in view!
No target in view!
No target in view!
No target in view!
No target in view!
No target in view!
No target in view!
No target in view!
No target in view!
No target in view!
No target in view!
No target in view!
You see here a worm corpse.
You see here a jackal corpse.
You now have 121 gold pieces (gained 7).
You open the door.
A dart slug and a ball python come into view.
The ball python hisses angrily.
Found two stone staircases leading down. 😎 HP[+3]
Your hp is fully restored (41).
There are monsters nearby!
There are monsters nearby!
There is an open door here.
An ogre comes into view. It is wielding a +0 giant club.
You block the ball python's attack. The ball python barely misses you.
You barely miss the dart slug.
You headbutt the dart slug, but do no damage.
You hit the ball python but do no damage.
The dart slug closely misses you.
The ball python bites you but does no damage.
You block the ball python's attack.
You slash the dart slug! You closely miss the ball python.
The ball python bites you. The ball python completely misses you.
The dart slug bites you but does no damage.
The ball python bites you. The ball python grabs you.
The ball python constricts you. 😕 HP[-2]
You take 2 damage, and now have 39/41 hp.
You escape the ball python's grasp.
The ogre hits you with a +0 giant club!!
There is an open door, spattered with blood here. 😮 HP[-18]
You take 18 damage, and now have 21/41 hp.
MASSIVE DAMAGE!! (PAUSE)
You hit the ogre. You headbutt the ogre! The ogre barely misses you.
You barely miss the ogre. The ogre hits you with a +0 giant club!
* * * LOW HITPOINT WARNING * * *
😱 HP[-17]
You take 17 damage, and now have 4/41 hp.
MASSIVE DAMAGE!! (PAUSE) 😱 HP[+1]
The ogre attacks as you move away! The ogre hits you with a +0 giant club!
You die...

Skill      XL: |  1  2  3  4 |
---------------+-------------+-----
Fighting       | 4 |  4.9
Axes           | 3 4 |  4.0
Armour         | 4 |  4.3
Shields        | |  3.6

Action                   |  1- 3 |  4- 6 || total
-------------------------+-------+-------++-------
Melee: War axe           |    72 |    19 ||    91
       Headbutt          |     8 |     5 ||    13
Armor: Scale mail        |    39 |     7 ||    46
Dodge: Dodged            |    24 |     7 ||    31
Block: Buckler           |    10 |     3 ||    13

Levels and vault maps discovered:
D:1:      minmay_arrival_cross, layout_loops_ring,
          hellmonk_ecumenical_altar_leap_of_faith
D:2:      layout_loops_corners, basic_altar, uniq_terence
D:3:      minmay_diamond_boxcup, layout_basic, lemuel_tele_altar,
          worldfamousw_hep_ancestral_shrine, kennysheep_generic_room_10,
          uniq_crazy_yiuf_cottage

Notes
Turn   | Place    | Note
-------+----------+-------------------------------------------
     0 | D:1      | Sanktem7 the Minotaur Fighter began the quest for the Orb.
     0 | D:1      | Reached XP level 1. HP: 19/19 MP: 0/0
     0 | D:1      | magus.rc [v1.9.6]
   189 | D:1      | Reached XP level 2. HP: 27/27 MP: 1/1
   194 | D:1      | You pick up a book of Displacement and begin reading...
   194 | D:1      | You add the spells Lesser Beckoning, Gell's Gravitas and
                  | Teleport Other to your library.
   274 | D:1      | Reached skill level 4 in Fighting
   326 | D:1      | Reached skill level 3 in Axes
   612 | D:1      | Reached skill level 4 in Armour
   634 | D:1      | Reached XP level 3. HP: 33/33 MP: 2/2
   810 | D:1      | Found a faded altar of an unknown god.
  1193 | D:2      | Found a sacrificial altar of Ru.
  1343 | D:2      | Noticed Terence
  1350 | D:2      | Killed Terence
  1351 | D:2      | Reached XP level 4. HP: 25/41 MP: 3/3
  1987 | D:3      | Reached skill level 4 in Axes
  2025 | D:3      | Noticed an ogre
  2031 | D:3      | HP: 4/41 [ogre/+0 giant club (17)]
  2037 | D:3      | Slain by an ogre

Vanquished Creatures
  Terence (D:2)
  An adder (D:2)
  2 worms
  2 dart slugs (D:1)
  6 ball pythons
  4 bats
  5 endoplasms
  A giant cockroach (D:1)
  5 hobgoblins
  3 jackals (D:3)
  2 kobolds
  4 quokkas
  2 frilled lizards (D:1)
  2 goblins (D:1)
  5 rats
45 creatures vanquished.

Table legend:
 A = Non-vault XP
 B = Vault XP
 C = Vault XP percentage of total XP
 D = Non-vault monster count
 E = Vault monster count
 F = Vault count percentage of total count
                 A         B        C        D         E       F
            +---------+---------+-------+---------+---------+-------
      Total |      96 |      38 |  28.4 |      44 |       1 |   2.2
            +---------+---------+-------+---------+---------+-------
        D:1 |      49 |       0 |   0.0 |      27 |       0 |   0.0
        D:2 |      35 |      38 |  52.1 |      12 |       1 |   7.7
        D:3 |      12 |       0 |   0.0 |       5 |       0 |   0.0
            +---------+---------+-------+---------+---------+-------

Illustrated notes

Table legend:
 A = Kills in this place as a percentage of kills in entire the game.
 B = Kills by you in this place as a percentage of kills by you in the entire game.
 C = Kills by friends in this place as a percentage of kills by friends in the entire game.
 D = Other kills in this place as a percentage of other kills in the entire game.
 E = Experience gained in this place as a percentage of experience gained in the entire game.
 F = Experience gained in this place divided by the number of levels of this place that you have seen.
                   A       B       C       D       E      F
               +-------+-------+-------+-------+-------+----------------------
         Total | 100.0 | 100.0 |   N/A |   N/A | 100.0 |  44.7
       Dungeon | 100.0 | 100.0 |   N/A |   N/A | 100.0 |  44.7
               +-------+-------+-------+-------+-------+----------------------

Table legend: (Time is in decaauts)
 A = Elapsed time spent in this place.
 B = Non-inter-level travel time spent in this place.
 C = Inter-level travel time spent in this place.
 D = Time resting spent in this place.
 E = Time spent auto-exploring this place.
 F = Levels seen in this place.
 G = Mean time per level.
                   A        B        C        D        E       F      G
               +--------+--------+--------+--------+--------+-----+--------+
         Total |   2070 |   2027 |     43 |      0 |   1762 |   3 |  690.0 |
       Dungeon |   2070 |   2027 |     43 |      0 |   1762 |   3 |  690.0 |
               +--------+--------+--------+--------+--------+-----+--------+

Top non-repeatable levels by time:
     D:2: 1008 daAuts
     D:1: 924 daAuts
     D:3: 137 daAuts
